 Dungeon Crawl Stone Soup version 0.23-a0-677-g07611c5 (webtiles) character file.

984 Amnesiac the Martial Artist (level 8, -2/48 HPs)
             Began as an Octopode Transmuter on Jan 9, 2019.
             Slain by a sky beast (6 damage)
             ... on level 6 of the Dungeon.
             The game lasted 00:09:32 (4132 turns).

Amnesiac the Martial Artist (Octopode Transmuter)   Turns: 4132, Time: 00:09:33

Health: -2/48      AC:  1    Str:  7 (9)  XL:     8   Next: 17%
Magic:  11/11      EV: 13    Int: 13 (15) God:
Gold:   173        SH:  0    Dex: 12 (15) Spells: 5/11 levels left

rFire    . . .     SeeInvis .     - Unarmed
rCold    . . .     Gourm    .   (no shield)
rNeg     . . .     Faith    .   (helmet restricted)
rPois    .         Spirit   .   g - amulet of harm
rElec    .         Reflect  .   A - ring of protection from magic
rCorr    .         Harm     +   (no ring)
MR       +....                  (no ring)
Stlth    ++........             (no ring)
HPRegen  0.16/turn              (no ring)
MPRegen  0.12/turn              (no ring)
                                (no ring)
                                (no ring)

@: no status effects
A: almost no armour, stealthy swim, amphibious, 8 rings, constrict 8, camouflage
1, gelatinous body 1
a: no special abilities


You were on level 6 of the Dungeon.
You were not hungry.

You visited 2 branches of the dungeon, and saw 7 of its levels.

You collected 173 gold pieces.

Inventory:

Missiles
 a - 44 arrows (quivered)
Jewellery
 g - an amulet of harm (around mantle)
 A - a ring of protection from magic (left tentacle)
Wands
 i - a wand of digging (4)
 n - a wand of acid (8)
 u - a wand of flame (24)
Scrolls
 l - 2 scrolls of teleportation {!r}
 p - a scroll of magic mapping {!r}
 v - a scroll of remove curse {!r}
 y - 2 scrolls of noise {!r}
Potions
 d - 4 potions of curing {!q}
 e - a potion of might {!q}
 h - a potion of mutation {!q, unknown}
 j - a potion of lignification {!q}
 k - a potion of heal wounds {!q, unknown}
 m - a potion of resistance {!q, unknown}
 o - a potion of agility {!q, unknown}
 s - a potion of flight {!q}
 t - a potion of haste {!q}
 z - a potion of brilliance {!q}
Comestibles
 b - a chunk of flesh
 c - 8 rations


   Skills:
 - Level 1.0 Fighting
 - Level 2.0 Dodging
 * Level 9.0 Unarmed Combat
 - Level 2.0 Spellcasting
 - Level 4.0 Transmutations


You had 5 spell levels left.
You knew the following spells:

 Your Spells              Type           Power        Failure   Level  Hunger
a - Beastly Appendage     Tmut           ##....       4%          1    ##.....
b - Sticks to Snakes      Tmut           ##......     8%          2    ###....
e - Spider Form           Tmut/Pois      #.........   32%         3    ####...

Your spell library contained the following spells:

 Spells                   Type           Power        Failure   Level  Hunger
 Confusing Touch          Hex            #.....       26%         1    ##.....
 Magic Dart               Conj           #...         26%         1    ##.....
 Searing Ray              Conj           #.....       36%         2    ###....
 Confuse                  Hex            #.......     58%         3    ####...
 Dazzling Spray           Conj/Hex       #.....       58%         3    ####...
 Gell's Gravitas          Tloc           #.........   58%         3    ####...
 Ice Form                 Ice/Tmut       #.......     73%         4    #####..
 Petrify                  Tmut/Erth      #.......     73%         4    #####..
 Blade Hands              Tmut           ##........   80%         5    ######.
 Force Lance              Conj/Tloc      #.......     94%         4    #####..
 Fulminant Prism          Conj/Hex       #.........   94%         4    #####..
 Iskenderun's Mystic Bla  Conj           #.......     94%         4    #####..
 Yara's Violent Unravell  Hex/Tmut       #.........   97%         5    ######.
 Metabolic Englaciation   Hex/Ice        #.........   100%        5    ######.


Dungeon Overview and Level Annotations

Branches:
Dungeon (6/15)             Temple (1/1) D:5

Altars:
Ashenzari
Cheibriados
Dithmenos
Fedhas
Hepliaklqana
Kikubaaqudgha
Makhleb
Okawaru
Qazlal
Ru
Uskayaw
Xom
Yredelemnul
Zin
The Shining One

Annotations:
D:5 Dowan, Duvessa


Innate Abilities, Weirdness & Mutations

You cannot wear most types of armour.
You are very stealthy in the water. (Stealth+)
You are amphibious.
You can wear up to eight rings at the same time.
You can use your tentacles to constrict eight enemies at once.
Your skin changes colour to match your surroundings (Stealth+).
Your rubbery body absorbs attacks. (AC +1, EV +1)


Message History

A shadow imp comes into view.
The shadow imp moves out of view.
The shadow imp is too close now for your liking.
A shadow imp is nearby!
A shadow imp is nearby!
The shadow imp shouts, "Quit, thou worthless kobold-kissing mendicant!"
You closely miss the shadow imp. The shadow imp barely misses you.
You tentacle-slap the shadow imp. You grab the shadow imp.
The shadow imp is lightly wounded.
You constrict the shadow imp, but do no damage.
The shadow imp hits you.
You tentacle-slap the shadow imp.
The shadow imp is severely wounded.
You constrict the shadow imp, but do no damage.
The shadow imp closely misses you.
You tentacle-slap the shadow imp.
You kill the shadow imp!
No target in view!
A sky beast comes into view.
The sky beast misses you.
Found a stone staircase leading up.
Found a stone staircase leading down.
There is an open door here.
You miss the sky beast. The sky beast hits you. The sky beast shocks you.
You miss the sky beast. You completely miss the sky beast.
You tentacle-slap the sky beast, but do no damage.
The sky beast hits you. The sky beast shocks you.
You closely miss the sky beast.
The sky beast hits you but does no damage.
You tentacle-slap the sky beast.
The sky beast is lightly wounded.
The sky beast misses you.
You closely miss the sky beast. You tentacle-slap the sky beast!
The sky beast is heavily wounded.
The sky beast closely misses you.
You tentacle-slap the sky beast.
The sky beast is severely wounded.
The sky beast closely misses you.
You barely miss the sky beast.
The sky beast is severely wounded.
You miss the sky beast.
The sky beast is severely wounded.
The sky beast flickers out of sight!
Deactivating autopickup; reactivate with Ctrl-A.
Something hits you.
* * * LOW HITPOINT WARNING * * *
Something shocks you.
* * * LOW HITPOINT WARNING * * *
You miss something.
A sky beast appears from thin air!
Reactivating autopickup.
The sky beast barely misses you.
You tentacle-slap the sky beast.
The sky beast is almost dead.
The sky beast hits you.
* * * LOW HITPOINT WARNING * * *
The sky beast shocks you.
* * * LOW HITPOINT WARNING * * *
You barely miss the sky beast.
The sky beast is almost dead.
The sky beast hits you.
* * * LOW HITPOINT WARNING * * *
The sky beast shocks you.
You die...

,,* *,,,,,,,,,,,,*,,,,,+,..
,,***** **,,,,,,,,,,,,*,,,,,#...
,,,,,,* #.....#####+#**,,,,,#...
,,,,,,* #.....#.....,**,,,,,#...
,,,,,,* #.....#>..<,,,*,,,,,#...
,,,,,,* #.....#...,,,,*,,,,,#...
,,,,,,* #.....#..############...
,,,,,,* #.....#'##..............
,,,,,,****#....#@.#..............
,,,,,,*,,,+....Y..#...........###
,,,,,,*,,,#....####...........#,,
,,,,,,*,,,#............########,,
,,,,,,*,,,#####........+,,,,,,,,,
,,,,,,*,,,,* #........#,,,,,,,,,
,,,,,,*,,,,* #........#,,,,,,,,,
,,,,,,*,,*****#........#*********
,,,,,,******,,##+##......,,,,,,,,


You could see a sky beast.

Vanquished Creatures
  Sigmund (D:3)
  A sky beast (D:5)
  A centaur (D:5)
  Blork the orc (D:4)
  A water moccasin zombie (D:5)
  A centaur skeleton (D:4)
  An orc priest (D:5)
  Jessica (D:3)
  4 orc wizards
  Ijyb (D:3)
  2 worker ants
  A hound skeleton (D:5)
  Robin (D:3)
  8 adders
  2 gnolls (D:4)
  2 shadow imps (D:6)
  An ooze (D:3)
  2 worms
  A dart slug (D:1)
  2 leopard geckos (D:3)
  8 orcs
  5 bats
  A giant cockroach (D:3)
  16 goblins
  9 hobgoblins
  A quokka (D:2)
  A ball python (D:3)
  3 frilled lizards
  7 kobolds
  A leopard gecko skeleton (D:4)
  3 rats
90 creatures vanquished.

Vanquished Creatures (collateral kills)
  A crimson imp (D:4)
  An iguana (D:4)
  A gnoll (D:4)
  An orc (D:4)
4 creatures vanquished.

Grand Total: 94 creatures vanquished

Notes
Turn   | Place    | Note
-------+----------+-------------------------------------------
     0 | D:1      | Amnesiac the Octopode Transmuter began the quest for the
                  | Orb.
     0 | D:1      | Reached XP level 1. HP: 13/13 MP: 3/3
    95 | D:1      | Reached XP level 2. HP: 6/18 MP: 5/5
   497 | D:2      | Learned a level 2 spell: Sticks to Snakes
   563 | D:2      | Reached XP level 3. HP: 20/23 MP: 6/6
   565 | D:2      | Reached skill level 4 in Unarmed Combat
   778 | D:3      | Learned a level 3 spell: Spider Form
   980 | D:4      | Found a sacrificial altar of Ru.
  1000 | D:4      | Reached XP level 4. HP: 11/28 MP: 4/7
  1143 | D:4      | Found a glowing golden altar of the Shining One.
  1200 | D:4      | Reached skill level 5 in Unarmed Combat
  1200 | D:4      | Reached XP level 5. HP: 19/33 MP: 5/8
  1623 | D:5      | Entered Level 5 of the Dungeon
  1623 | D:5      | Found a glowing golden altar of the Shining One.
  1783 | D:4      | Reached XP level 6. HP: 33/38 MP: 9/9
  1917 | D:4      | Found a shimmering altar of Xom.
  1917 | D:4      | Found a burning altar of Makhleb.
  2035 | D:5      | Found a staircase to the Ecumenical Temple.
  2049 | Temple   | Entered the Ecumenical Temple
  2132 | D:5      | Reached skill level 6 in Unarmed Combat
  2174 | D:5      | Noticed a sky beast
  2255 | D:2      | Found a faded altar of an unknown god.
  2727 | D:3      | Noticed Jessica
  2759 | D:3      | Killed Jessica
  2788 | D:3      | Noticed Sigmund
  2809 | D:3      | Killed Sigmund
  2809 | D:3      | Reached skill level 7 in Unarmed Combat
  2809 | D:3      | Reached XP level 7. HP: 26/43 MP: 7/10
  3031 | D:3      | Noticed Ijyb
  3040 | D:3      | Killed Ijyb
  3049 | D:3      | Noticed Robin
  3072 | D:3      | Killed Robin
  3523 | D:4      | Noticed Blork the orc
  3535 | D:4      | Killed Blork the orc
  3535 | D:4      | Reached skill level 8 in Unarmed Combat
  3673 | D:5      | Noticed Duvessa
  3673 | D:5      | Noticed Dowan
  3874 | D:5      | Reached XP level 8. HP: 19/48 MP: 11/11
  3906 | D:5      | Found a shadowy altar of Dithmenos.
  3993 | D:6      | Reached skill level 9 in Unarmed Combat
  4132 | D:6      | Slain by a sky beast

Vault maps used:
D:1:      nagdon_arrival_zigzag_paths, serial_glass, glass_columns_c,
          glass_columns_c, nemelex_diamond_rough_becter
D:2:      chequers_ecumenical_altar_simple_redux, nrook_campfire
D:3:      first_ration, uniq_ijyb, uniq_jessica, uniq_robin, uniq_sigmund
D:4:      grunt_temple_overflow_champion_of_chaos,
          nicolae_overflow_crystal_walls, lemuel_round_altar, uniq_blork_the_orc
D:5:      nicolae_overflow_hidden_temple, kennysheep_mini_moat, temple_statues,
          basic_altar, uniq_duvessa
D:6:      uniq_pikel, uniq_grinder
Temple:   chequers_temple_sunken

Skill      XL: |  1  2  3  4  5  6  7  8 |
---------------+-------------------------+-----
Unarmed Combat | 4 5 7 8 9 |  9.0
Transmutations | 3 4 |  4.0
Fighting       | |  1.0
Dodging        | |  2.0
Spellcasting   | |  2.0

Action                   |  1- 3 |  4- 6 |  7- 9 || total
-------------------------+-------+-------+-------++-------
Melee: Unarmed           |    51 |   118 |    83 ||   252
       Constrict         |    12 |    33 |    14 ||    59
       Tentacles         |     9 |    14 |    11 ||    34
       Punch             |     2 |     9 |     4 ||    15
 Cast: Sticks to Snakes  |     1 |     5 |     7 ||    13
       Spider Form       |       |     1 |       ||     1
  Use: Potion            |       |     4 |     6 ||    10
       Scroll            |       |       |     7 ||     7
 Stab: Sleeping          |       |     4 |     3 ||     7
       Distracted        |       |     1 |       ||     1
  Eat: Chunk             |       |     6 |     5 ||    11
Armor: Skin              |     5 |     8 |     6 ||    19
Dodge: Dodged            |    28 |    44 |    31 ||   103

Table legend:
 A = Non-vault XP
 B = Vault XP
 C = Vault XP percentage of total XP
 D = Non-vault monster count
 E = Vault monster count
 F = Vault count percentage of total count
                 A         B        C        D         E       F
            +---------+---------+-------+---------+---------+-------
      Total |     940 |     466 |  33.1 |      78 |      16 |  17.0
            +---------+---------+-------+---------+---------+-------
        D:1 |      22 |       0 |   0.0 |       4 |       0 |   0.0
        D:2 |      93 |       0 |   0.0 |      25 |       0 |   0.0
        D:3 |      63 |     327 |  83.8 |      19 |      14 |  42.4
        D:4 |     238 |     139 |  36.9 |      16 |       2 |  11.1
        D:5 |     387 |       0 |   0.0 |       7 |       0 |   0.0
        D:6 |     137 |       0 |   0.0 |       7 |       0 |   0.0
            +---------+---------+-------+---------+---------+-------
